| TOP OF THE 1ST |
|
Trenton Thunder batting - Pitching for Jackson Generals : RHP Trevor Jacobsen
|
|
Pitching: RHP Trevor Jacobsen
|
|
|
Batting: RHB Tim Osborn
|
0-0: Fly out, F7 (Flyball, 7S, EV 86.2 MPH)
|
|
Batting: SHB Ryan Buchbinder
|
0-0: Swinging Strike 0-1: Hit by Pitch
|
|
Batting: LHB Bobby Upton
|
0-0: Foul Ball, location: 2F 0-1: Ball 1-1: Called Strike 1-2: Grounds into double play, 6-4-3 (Groundball, 6, EV 78.1 MPH)
|
| Top of the 1st over - 0 runs, 0 hits, 0 errors, 0 left on base; Trenton 0 - Jackson 0 |
| BOTTOM OF THE 1ST |
|
Jackson Generals batting - Pitching for Trenton Thunder : LHP Omar Quinones
|
|
Pitching: LHP Omar Quinones
|
|
|
Batting: SHB Jose Castillo
|
0-0: Foul Ball, location: 2F 0-1: Ball 1-1: Foul Ball, location: 2F 1-2: Ground out 4-3 (Groundball, 4MD, EV 105.6 MPH)
|
|
Batting: RHB Josh Ruhl
|
0-0: Ball 1-0: Ball 2-0: Ball 3-0: Called Strike 3-1: Foul Ball, location: 2F 3-2: Strikes out swinging
|
|
Batting: LHB Jawad Fahad
|
0-0: Ball 1-0: SINGLE (Groundball, 6MD, EV 103.1 MPH)
|
|
Batting: RHB Sean Peake
|
0-0: Ground out 1-3 (Groundball, 15S, EV 63.8 MPH)
|
| Bottom of the 1st over - 0 runs, 1 hit, 0 errors, 1 left on base; Trenton 0 - Jackson 0 |
| TOP OF THE 2ND |
|
Trenton Thunder batting - Pitching for Jackson Generals : RHP Trevor Jacobsen
|
|
Batting: RHB Jose Tovar
|
0-0: Called Strike 0-1: Foul Ball, location: 2F 0-2: Ball 1-2: Ball 2-2: Foul Ball, location: 2F 2-2: Foul Ball, location: 2F 2-2: Foul Ball, location: 2F 2-2: Ball 3-2: Base on Balls
|
|
Batting: RHB Larry Martell
|
0-0: Ball 1-0: Ball 2-0: Swinging Strike 2-1: Ball 3-1: Foul Ball, location: 2F 3-2: Ground out 4-3 (Groundball, 13, EV 76.9 MPH) Jose Tovar to second
|
|
Batting: SHB David Stewart
|
0-0: SINGLE (Groundball, 4M, EV 101.2 MPH) (infield hit) Jose Tovar to third
|
|
Batting: RHB Christian Shearer
|
0-0: Ball 1-0: Ground out U3 (Groundball, 3S, EV 63.8 MPH) Jose Tovar scores David Stewart to second
|
|
Batting: RHB John Sabean
|
0-0: Called Strike 0-1: Called Strike 0-2: Strikes out swinging
|
| Top of the 2nd over - 1 run, 1 hit, 0 errors, 1 left on base; Trenton 1 - Jackson 0 |
| BOTTOM OF THE 2ND |
|
Jackson Generals batting - Pitching for Trenton Thunder : LHP Omar Quinones
|
|
Batting: RHB Robby Cuellar
|
0-0: Called Strike 0-1: Ground out 5-3 (Groundball, 5L, EV 77.5 MPH)
|
|
Batting: RHB Joe Stading
|
0-0: Called Strike 0-1: SINGLE (Line Drive, 34D, EV 104.4 MPH)
|
|
Batting: RHB Clay Statum
|
0-0: DOUBLE (Groundball, 5L, EV 99.4 MPH) Joe Stading to third
|
|
Batting: RHB Matt Berkley
|
0-0: Ball 1-0: Ball 2-0: Ground out 5-3 (Groundball, 5S, EV 88.1 MPH)
|
|
Batting: LHB Adam Lancaster
|
0-0: Ground out 4-3 (Groundball, 4, EV 91.2 MPH)
|
| Bottom of the 2nd over - 0 runs, 2 hits, 0 errors, 2 left on base; Trenton 1 - Jackson 0 |
| TOP OF THE 3RD |
|
Trenton Thunder batting - Pitching for Jackson Generals : RHP Trevor Jacobsen
|
|
Batting: RHB Ben Kidder
|
0-0: Foul Ball, location: 2F 0-1: Ball 1-1: Reached on error, E6 (Groundball, 6, EV 104.4 MPH)
|
|
Batting: RHB Tim Osborn
|
0-0: Ball 1-0: Ball 2-0: Ball 3-0: Called Strike 3-1: Foul Ball, location: 2F 3-2: Strikes out swinging
|
|
Batting: SHB Ryan Buchbinder
|
0-0: Fly out, F3 (Popup, 23F, EV 85.0 MPH)
|
|
Batting: LHB Bobby Upton
|
0-0: Ball 1-0: Ground out U3 (Groundball, 3, EV 83.8 MPH)
|
| Top of the 3rd over - 0 runs, 0 hits, 1 error, 1 left on base; Trenton 1 - Jackson 0 |
| BOTTOM OF THE 3RD |
|
Jackson Generals batting - Pitching for Trenton Thunder : LHP Omar Quinones
|
|
Batting: SHB Jose Castillo
|
0-0: Called Strike 0-1: Ball 1-1: Foul Ball, location: 2F 1-2: Ball 2-2: Foul Ball, location: 2F 2-2: Ball 3-2: Foul Ball, location: 2F 3-2: SINGLE (Line Drive, 3D, EV 98.8 MPH)
|
|
Batting: RHB Josh Ruhl
|
0-0: Grounds into double play, 5-4-3 (Groundball, 56, EV 99.4 MPH)
|
|
Batting: LHB Jawad Fahad
|
0-0: Ball 1-0: Ball 2-0: SINGLE (Line Drive, 7S, EV 105.6 MPH)
|
|
Batting: RHB Sean Peake
|
0-0: Ball 1-0: Foul Ball, location: 2F 1-1: Ball 2-1: Ball 3-1: Base on Balls Jawad Fahad to second
|
|
Batting: RHB Robby Cuellar
|
0-0: Called Strike 0-1: Ball 1-1: SINGLE (Groundball, 56D, EV 98.1 MPH) Jawad Fahad to third Sean Peake to second Runner from 3rd tries for Home, SAFE, throw by LF to home
|
|
Batting: RHB Joe Stading
|
0-0: Ball 1-0: Ball 2-0: Swinging Strike 2-1: Swinging Strike 2-2: Fielders Choice at 2nd, 5-4 (Groundball, 56, EV 106.2 MPH)
|
| Bottom of the 3rd over - 1 run, 3 hits, 0 errors, 2 left on base; Trenton 1 - Jackson 1 |
| TOP OF THE 4TH |
|
Trenton Thunder batting - Pitching for Jackson Generals : RHP Trevor Jacobsen
|
|
Batting: RHB Jose Tovar
|
0-0: Ground out 4-3 (Groundball, 4, EV 106.2 MPH)
|
|
Batting: RHB Larry Martell
|
0-0: Called Strike 0-1: Ball 1-1: Ball 2-1: Fly out, F6 (Popup, P, EV 72.5 MPH)
|
|
Batting: SHB David Stewart
|
0-0: Ball 1-0: Swinging Strike 1-1: Ball 2-1: Foul Ball, location: 2F 2-2: Ball 3-2: Foul Ball, location: 2F 3-2: Fly out, F7 (Line Drive, 7D, EV 98.1 MPH)
|
| Top of the 4th over - 0 runs, 0 hits, 0 errors, 0 left on base; Trenton 1 - Jackson 1 |
| BOTTOM OF THE 4TH |
|
Jackson Generals batting - Pitching for Trenton Thunder : LHP Omar Quinones
|
|
Batting: RHB Clay Statum
|
0-0: Ball 1-0: Ball 2-0: Called Strike 2-1: Swinging Strike 2-2: Ground out U3 (Groundball, 34, EV 105.6 MPH)
|
|
Batting: RHB Matt Berkley
|
0-0: Ball 1-0: Ground out 3-1 (Groundball, 34, EV 85.0 MPH)
|
|
Batting: LHB Adam Lancaster
|
0-0: Called Strike 0-1: Swinging Strike 0-2: Strikes out swinging
|
| Bottom of the 4th over - 0 runs, 0 hits, 0 errors, 0 left on base; Trenton 1 - Jackson 1 |
| TOP OF THE 5TH |
|
Trenton Thunder batting - Pitching for Jackson Generals : RHP Trevor Jacobsen
|
|
Batting: RHB Christian Shearer
|
0-0: Called Strike 0-1: Ball 1-1: Ball 2-1: Ball 3-1: Fly out, F3 (Line Drive, 3L, EV 75.6 MPH)
|
|
Pitching: LHP Rentaro Minami
|
|
|
Batting: RHB John Sabean
|
0-0: Called Strike 0-1: Ball 1-1: Swinging Strike 1-2: Strikes out swinging
|
|
Batting: RHB Ben Kidder
|
0-0: Ball 1-0: Foul Ball, location: 2F 1-1: Foul Ball, location: 2F 1-2: Foul Ball, location: 2F 1-2: Foul Ball, location: 2F 1-2: Strikes out looking
|
| Top of the 5th over - 0 runs, 0 hits, 0 errors, 0 left on base; Trenton 1 - Jackson 1 |
| BOTTOM OF THE 5TH |
|
Jackson Generals batting - Pitching for Trenton Thunder : LHP Omar Quinones
|
|
Batting: SHB Jose Castillo
|
0-0: Ball 1-0: Swinging Strike 1-1: Ground out 6-3 (Groundball, 56, EV 88.8 MPH)
|
|
Batting: RHB Josh Ruhl
|
0-0: Called Strike 0-1: Foul Ball, location: 2F 0-2: Ball 1-2: Strikes out swinging
|
|
Batting: LHB Jawad Fahad
|
0-0: Ball 1-0: Swinging Strike 1-1: Foul Ball, location: 2F 1-2: Ball 2-2: Ball 3-2: Strikes out swinging
|
| Bottom of the 5th over - 0 runs, 0 hits, 0 errors, 0 left on base; Trenton 1 - Jackson 1 |
| TOP OF THE 6TH |
|
Trenton Thunder batting - Pitching for Jackson Generals : LHP Rentaro Minami
|
|
Batting: RHB Tim Osborn
|
0-0: Ball 1-0: Called Strike 1-1: Ball 2-1: Swinging Strike 2-2: Ground out 4-3 (Groundball, 4D, EV 76.9 MPH)
|
|
Batting: SHB Ryan Buchbinder
|
0-0: Called Strike 0-1: Foul Ball, location: 2F 0-2: Ball 1-2: Foul Ball, location: 2F 1-2: Ball 2-2: Strikes out swinging
|
|
Batting: LHB Bobby Upton
|
0-0: Ball 1-0: Fly out, F9 (Flyball, 9, EV 83.1 MPH)
|
| Top of the 6th over - 0 runs, 0 hits, 0 errors, 0 left on base; Trenton 1 - Jackson 1 |
| BOTTOM OF THE 6TH |
|
Jackson Generals batting - Pitching for Trenton Thunder : LHP Omar Quinones
|
|
Batting: RHB Sean Peake
|
0-0: Called Strike 0-1: Ground out 6-3 (Groundball, 6S, EV 88.1 MPH)
|
|
Batting: RHB Robby Cuellar
|
0-0: Ball 1-0: Ball 2-0: Called Strike 2-1: SINGLE (Groundball, 6D, EV 97.5 MPH)
|
|
Batting: RHB Joe Stading
|
0-0: Called Strike 0-1: Ball Wild Pitch! Robby Cuellar to second 1-1: Ball 2-1: SINGLE (Groundball, 56D, EV 106.2 MPH) Robby Cuellar to third
|
|
Pitching: RHP Angel Gutierres
|
|
|
Batting: RHB Clay Statum
|
0-0: Ball 1-0: Swinging Strike 1-1: Fly out, F8 (Flyball, 8LD, EV 98.1 MPH) Runner from 3rd tags up, SCORES, throw by CF
|
|
Batting: RHB Matt Berkley
|
0-0: Ground out 1-3 (Groundball, 13S, EV 62.5 MPH)
|
| Bottom of the 6th over - 1 run, 2 hits, 0 errors, 1 left on base; Trenton 1 - Jackson 2 |
| TOP OF THE 7TH |
|
Trenton Thunder batting - Pitching for Jackson Generals : LHP Rentaro Minami
|
|
Batting: RHB Jose Tovar
|
0-0: Called Strike 0-1: Called Strike 0-2: Strikes out swinging
|
|
Batting: RHB Larry Martell
|
0-0: Fly out, F9 (Flyball, 9LS, EV 81.2 MPH)
|
|
Batting: SHB David Stewart
|
0-0: Ball 1-0: Ball 2-0: Foul Ball, location: 2F 2-1: Ball 3-1: Base on Balls
|
|
Batting: RHB Christian Shearer
|
0-0: Ball 1-0: Fielders Choice at 2nd, 6-4 (Groundball, 56, EV 97.5 MPH)
|
| Top of the 7th over - 0 runs, 0 hits, 0 errors, 1 left on base; Trenton 1 - Jackson 2 |
| BOTTOM OF THE 7TH |
|
Jackson Generals batting - Pitching for Trenton Thunder : RHP Angel Gutierres
|
|
Batting: LHB Adam Lancaster
|
0-0: Called Strike 0-1: Ball 1-1: Fly out, F8 (Flyball, 78D, EV 93.8 MPH)
|
|
Batting: SHB Jose Castillo
|
0-0: Ball 1-0: Foul Ball, location: 2F 1-1: Ball 2-1: Ball 3-1: Ground out U3 (Groundball, 3, EV 86.2 MPH)
|
|
Batting: RHB Josh Ruhl
|
0-0: Ball 1-0: Foul Ball, location: 2F 1-1: Fly out, F9 (Flyball, 89D, EV 106.2 MPH)
|
| Bottom of the 7th over - 0 runs, 0 hits, 0 errors, 0 left on base; Trenton 1 - Jackson 2 |
| TOP OF THE 8TH |
|
Trenton Thunder batting - Pitching for Jackson Generals : LHP Rentaro Minami
|
|
Pitching: RHP David Lane
|
|
|
Batting: RHB John Sabean
|
0-0: Called Strike 0-1: Ball 1-1: Ball 2-1: Foul Ball, location: 2F 2-2: Ground out 6-3 (Groundball, 56S, EV 82.5 MPH)
|
|
Pinch Hitting: LHB Victor Fiallos
|
0-0: Ground out 4-3 (Groundball, 4, EV 91.2 MPH)
|
|
Batting: RHB Tim Osborn
|
0-0: Ball 1-0: Ball 2-0: Called Strike 2-1: Foul Ball, location: 2F 2-2: Foul Ball, location: 2F 2-2: Ball 3-2: Ground out 4-3 (Groundball, 4, EV 86.9 MPH)
|
| Top of the 8th over - 0 runs, 0 hits, 0 errors, 0 left on base; Trenton 1 - Jackson 2 |
| BOTTOM OF THE 8TH |
|
Jackson Generals batting - Pitching for Trenton Thunder : RHP Angel Gutierres
|
|
Now at 3B: Dale Altman
|
|
|
Batting: LHB Jawad Fahad
|
0-0: Ball 1-0: Foul Ball, location: 2F 1-1: Foul Ball, location: 2F 1-2: Ball 2-2: DOUBLE (Line Drive, 78D, EV 113.1 MPH)
|
|
Pitching: RHP Jimmy Williams
|
|
|
Batting: RHB Sean Peake
|
0-0: Ball 1-0: SINGLE (Line Drive, 8RS, EV 85.6 MPH) Jawad Fahad to third
|
|
Batting: RHB Robby Cuellar
|
0-0: Ball Sean Peake is caught stealing 2nd base 2-4 1-0: Swinging Strike 1-1: SINGLE (Groundball, 4MD, EV 101.2 MPH) Jawad Fahad scores
|
|
Batting: RHB Joe Stading
|
0-0: Called Strike 0-1: Ball 1-1: Ball 2-1: SINGLE (Line Drive, 9LS, EV 92.5 MPH) Robby Cuellar to second Runner from 2nd tries for 3rd, SAFE, throw by RF made to third
|
|
Batting: RHB Clay Statum
|
0-0: Called Strike Joe Stading steals 2nd base 0-1: Ground out 5-3 (Groundball, 56S, EV 86.2 MPH) Robby Cuellar scores
|
|
Batting: RHB Matt Berkley
|
0-0: Ball 1-0: Ball 2-0: Foul Ball, location: 2F 2-1: Ball 3-1: Fly out, F8 (Flyball, 78M, EV 88.1 MPH)
|
| Bottom of the 8th over - 2 runs, 4 hits, 0 errors, 1 left on base; Trenton 1 - Jackson 4 |
| TOP OF THE 9TH |
|
Trenton Thunder batting - Pitching for Jackson Generals : RHP David Lane
|
|
Pitching: RHP Willie Sanchez
|
|
|
Batting: SHB Ryan Buchbinder
|
0-0: Ball 1-0: Ground out U3 (Groundball, 3, EV 91.9 MPH)
|
|
Batting: LHB Bobby Upton
|
0-0: Called Strike 0-1: Swinging Strike 0-2: Strikes out looking
|
|
Batting: RHB Jose Tovar
|
0-0: Ball 1-0: Ball 2-0: Called Strike 2-1: Ball 3-1: Fly out, F9 (Line Drive, 89M, EV 88.1 MPH)
|
| Top of the 9th over - 0 runs, 0 hits, 0 errors, 0 left on base; Trenton 1 - Jackson 4 |
|